 Dungeon Crawl Stone Soup version 0.31.0-9-g3a7656b989 (webtiles) character file.

Game seed: 1833855413932880376

98 qw the Shooter (level 4, -2/25 HPs)
             Began as a Deep Elf Hunter on Feb 2, 2024.
             Slain by an ufetubus (4 damage)
             ... on level 4 of the Dungeon.
             The game lasted 00:00:07 (1846 turns).

qw the Shooter (Deep Elf Hunter)                    Turns: 1846, Time: 00:00:07

Health: -2/25      AC:  5    Str:  9 (10) XL:     4   Next: 43%
Magic:  6/6        EV: 10    Int: 14      God:
Gold:   114        SH:  0    Dex: 17 (18) Spells: 3/3 levels left

rFire   . . .        a - +1 shortbow
rCold   . . .        (shield currently unavailable)
rNeg    . . .        f - +0 ring mail
rPois   .            (no helmet)
rElec   .            (no cloak)
rCorr   .            (no gloves)
SInv    .            (no boots)
Will    .....        (no amulet)
Stlth   +            (no ring)
HPRegen 0.24/turn    (no ring)
MPRegen 0.10/turn

%: no passive effects
@: about to teleport
A: no striking features
a: no special abilities


You were on level 4 of the Dungeon.
You visited 1 branch of the dungeon, and saw 4 of its levels.

You collected 114 gold pieces.


   Skills:
 - Level 1.5 Fighting
 + Level 7.9 Ranged Weapons
 - Level 2.4 Dodging
 - Level 1.2 Stealth


You had 3 spell levels left.
You didn't know any spells.
Your spell library was empty.

Inventory:

Hand Weapons
 a - a +1 shortbow (weapon)
Armour
 f - a +0 ring mail (worn)
Wands
 g - a wand of acid (4)
Potions
 b - a potion of curing
 c - a potion of haste {unknown}
 e - a potion of resistance {unknown}

Dungeon Overview and Level Annotations

Branches:
Dungeon (4/15)
 Temple: D:4-7

Altars:

Shops:
D:1 :

Annotations:
D:4 3 runed translucent doors, qw's ghost, amateur SpHu


Message History

The gnoll is severely wounded.
An ufetubus comes into view. x2
The gnoll hits you from afar with a +0 spear.
A gnoll comes into view. It is wielding a +0 club.
1837 ||| RETREEEEATING.
1838 ||| RETREEEEATING.
1839 ||| RETREEEEATING.
You shoot an arrow. The arrow hits the gnoll!
You kill the gnoll!
You feel your strength returning.
You shoot an arrow. The arrow completely misses the gnoll.
You shoot an arrow. The arrow hits the gnoll!
You kill the gnoll!
You shoot an arrow. The arrow hits the ufetubus.
The ufetubus is severely wounded.
The ufetubus slips past you! The ufetubus hits you.
The ufetubus closely misses you.
The ufetubus hits you but does no damage.
The ufetubus misses you.
The ufetubus hits you but does no damage.
The ufetubus hits you.
You shoot an arrow. The arrow closely misses the ufetubus.
The ufetubus barely misses you.
The ufetubus hits you but does no damage.
The ufetubus hits you. The ufetubus barely misses you. x2
The ufetubus hits you. The ufetubus slips past you! The ufetubus misses you.
The ufetubus hits you but does no damage.
You shoot an arrow. The arrow barely misses the ufetubus.
The ufetubus hits you but does no damage.
The ufetubus hits you.
The ufetubus hits you but does no damage.
The ufetubus hits you.
1846 ||| READING scroll of teleportation.
As you read the scroll of teleportation, it crumbles to dust.
You feel strangely unstable.
The ufetubus hits you but does no damage.
The ufetubus closely misses you. The ufetubus barely misses you.
The ufetubus hits you but does no damage.
The gnoll hits you with a +0 club. The ufetubus hits you.
You die...

............######
###...###.........
####...........#
#.##.######.#
#.##.# ####.#
#.##.###.##.# #
#.##.##.#.#.##.#
#.#....###.55..#
#.#...## ##@####
#.#....###g.#
.####..#)#g#
...........#
######.).### ##.##
#.# #5# #g#


You could see 2 gnolls and 2 ufetubi.

Vanquished Creatures
  Natasha (D:2)
  2 gnolls (D:4)
  3 ribbon worms
  9 ball pythons
  4 bats
  3 endoplasms
  A giant cockroach (D:1)
  2 goblins
  4 hobgoblins
  3 jackals (D:3)
  A quokka (D:1)
  2 frilled lizards
  4 kobolds
  7 rats
46 creatures vanquished.

Notes
Turn   | Place    | Note
-------+----------+-------------------------------------------
     0 | D:1      | qw the Deep Elf Hunter began the quest for the Orb.
     0 | D:1      | Reached XP level 1. HP: 12/12 MP: 3/3
     0 | D:1      | Noticed an oni
     0 | D:1      | Noticed a spriggan
     0 | D:1      | 0 ||| qw: Version: 0.3-a-155-g5e7d8dd
     0 | D:1      | 0 ||| qw: Game counter: 2563
     0 | D:1      | 0 ||| qw: Melee chars always use a shield: true
     0 | D:1      | 0 ||| qw: God list: Okawaru
     0 | D:1      | 0 ||| qw: Allow faded altars: false
     0 | D:1      | 0 ||| qw: Do Orc after clearing Dungeon:15 true
     0 | D:1      | 0 ||| qw: Do second Lair branch before Depths: true
     0 | D:1      | 0 ||| qw: Lair rune preference: random
     0 | D:1      | 0 ||| qw: Goals: Normal
     0 | D:1      | 0 ||| PLANNING D:1-11
     1 | D:1      | Noticed a demonspawn
     2 | D:1      | Noticed a demonspawn
     2 | D:1      | Noticed a djinni
     4 | D:1      | Noticed a draconian
     9 | D:1      | Noticed a djinni
    11 | D:1      | Noticed a barachi
    11 | D:1      | Noticed a tengu
    15 | D:1      | Noticed a minotaur
    15 | D:1      | Noticed a gargoyle
    15 | D:1      | Noticed a djinni
    17 | D:1      | Noticed an armataur
    17 | D:1      | Noticed a troll
    19 | D:1      | Noticed a troll
    21 | D:1      | Noticed a naga
   133 | D:1      | Reached XP level 2. HP: 16/16 MP: 4/4
   136 | D:1      | Reached skill level 6 in Ranged Weapons
   170 | D:1      | Found Maiwaej's Book Shoppe.
   434 | D:1      | 434 ||| READING scroll labelled MUF ZO VUH.
   434 | D:1      | 434 ||| ENCHANTING +0 shortbow.
   435 | D:1      | 435 ||| DRINKING 3 yellow potions.
   436 | D:1      | 436 ||| DROPPING scroll of butterflies.
   437 | D:1      | 437 ||| DROPPING 2 potions of degeneration.
   564 | D:2      | HP: 4/16 [ribbon worm (5)]
   688 | D:2      | Reached XP level 3. HP: 18/20 MP: 5/5
   975 | D:2      | Found a faded altar of an unknown god.
  1129 | D:2      | Noticed Natasha
  1140 | D:2      | Killed Natasha
  1141 | D:2      | Reached skill level 7 in Ranged Weapons
  1196 | D:2      | 1196 ||| UPGRADING to +0 ring mail.
  1206 | D:2      | 1206 ||| DROPPING +0 leather armour.
  1207 | D:2      | 1207 ||| DROPPING +6 ring of intelligence.
  1208 | D:2      | 1208 ||| READING scroll labelled OTSOISK TELL.
  1370 | D:3      | Reached XP level 4. HP: 25/25 MP: 6/6
  1687 | D:3      | 1687 ||| READING scroll labelled JIC LUQAFRI.
  1687 | D:3      | 1687 ||| IDENTIFYING metallic white potion
  1688 | D:3      | 1688 ||| READING scroll labelled NEELLETIWO.
  1741 | D:4      | Noticed qw's ghost (amateur SpHu)
  1742 | D:4      | Found a runed translucent gate.
  1742 | D:4      | Found a runed translucent gate.
  1742 | D:4      | Found a runed translucent gate.
  1742 | D:4      | Noticed a kobold brigand
  1837 | D:4      | 1837 ||| RETREEEEATING.
  1838 | D:4      | 1838 ||| RETREEEEATING.
  1839 | D:4      | 1839 ||| RETREEEEATING.
  1845 | D:4      | HP: 5/25 [ufetubus (2)]
  1846 | D:4      | 1846 ||| READING scroll of teleportation.
  1846 | D:4      | HP: 2/25 [gnoll/+0 club (3)]
  1846 | D:4      | Slain by an ufetubus

Levels and vault maps discovered:
D:1:      shiori_arrival_whats_in_store_for_you, layout_rooms, serial_shops,
          nicolae_shop_crystal, minmay_misc_feat_square, st_stairs_7
D:2:      cheibrodos_helix_gallery, layout_basic,
          hellmonk_ecumenical_altar_arch_garden, uniq_natasha
D:3:      layout_loops_ring
D:4:      layout_loops_ring, mainiacjoe_overflow_catch_the_wave,
          gammafunk_ghost_nasty_kobolds, guppyfry_shop_venom, uniq_eustachio

Skill      XL: |  1  2  3 |
---------------+----------+-----
Ranged Weapons | 6 7 |  7.9
Fighting       | |  1.5
Dodging        | |  2.4
Stealth        | |  1.2

Action                     |  1- 3 |  4- 6 || total
---------------------------+-------+-------++-------
   Fire: Shortbow          |   121 |    22 ||   143
    Use: Scroll            |     2 |     3 ||     5
         Potion            |     1 |       ||     1
 Armour: Leather armour    |    22 |       ||    22
         Ring mail         |     1 |    19 ||    20
  Dodge: Dodged            |    21 |     9 ||    30

Table legend:
 A = Non-vault XP
 B = Vault XP
 C = Vault XP percentage of total XP
 D = Non-vault monster count
 E = Vault monster count
 F = Vault count percentage of total count
                 A         B        C        D         E       F
            +---------+---------+-------+---------+---------+-------
      Total |      95 |      45 |  32.1 |      42 |       4 |   8.7
            +---------+---------+-------+---------+---------+-------
        D:1 |      27 |       2 |   6.9 |      18 |       1 |   5.3
        D:2 |      15 |      43 |  74.1 |      10 |       3 |  23.1
        D:3 |      21 |       0 |   0.0 |      11 |       0 |   0.0
        D:4 |      32 |       0 |   0.0 |       3 |       0 |   0.0
            +---------+---------+-------+---------+---------+-------
